 Dungeon Crawl Stone Soup version 0.17-a0-186-g8d083fd (webtiles) character file.

265 squibie the Magician (level 5, 0/28 HPs)
             Began as a Deep Elf Wizard on Mar 27, 2015.
             Succumbed to a scorpion's poison
             ... on level 3 of the Dungeon.
             The game lasted 00:09:14 (2671 turns).

squibie the Magician (Deep Elf Wizard)              Turns: 2671, Time: 00:09:15

Health: 0/28       AC:  7    Str:  4    XL:     5   Next: 99%
Magic:  11/19      EV: 12    Int: 24    God:
Gold:   58         SH:  0    Dex: 13    Spells: 3 memorised, 9 levels left

rFire  . . .     SeeInvis .     e - -1 spear (curse)
rCold  . . .     Clarity  .     a - +0 robe
rNeg   . . .     SustAb   .     (no shield)
rPois  .         Gourm    .     s - +0 helmet
rElec  .         Spirit   .     i - +0 cloak
rCorr  .         Warding  .     (no gloves)
rMut   .         Stasis   .     n - +2 pair of boots
MR     .....                    (no amulet)
Stlth  ++........               (no ring)
                                (no ring)

@: lethally poisoned (0 -> -1), not resistant to hostile enchantments,
unstealthy
A: no striking features
a: no special abilities


You were on level 3 of the Dungeon.
You were very full.

You visited 1 branch of the dungeon, and saw 3 of its levels.

You collected 58 gold pieces.

Inventory:

Hand weapons
 e - a cursed -1 spear (weapon)
Armour
 a - a +0 robe (worn)
 b - a +0 hat
 i - a +0 cloak (worn)
 n - a +2 pair of boots (worn)
 s - a +0 helmet (worn)
Rods
 j - a +1 rod of inaccuracy (13/13)
   (You found it on level 2 of the Dungeon)
Scrolls
 l - 3 scrolls of magic mapping
 m - a scroll of enchant armour
 o - 2 scrolls of identify
Potions
 g - a potion of restore abilities
Books
 c - a book of Minor Magic

   Spells                             Type                      Level
   a - Magic Dart                     Conjuration                  1
   b - Blink                          Translocation                2
   c - Call Imp                       Summoning                    2
   d - Repel Missiles                 Charms/Air                   2
   e - Slow                           Hexes                        2
   f - Conjure Flame                  Conjuration/Fire             3
   g - Mephitic Cloud                 Conjuration/Poison/Air       3
Comestibles
 d - 3 bread rations
 f - a poisonous chunk of flesh
 k - a royal jelly
 q - a beef jerky


   Skills:
 - Level 2.4 Dodging
 - Level 2.4 Stealth
 - Level 5.4 Spellcasting
 - Level 3.1 Conjurations
 + Level 3.5 Summonings
 - Level 3.7 Translocations


You had 9 spell levels left.
You knew the following spells:

 Your Spells              Type           Power        Failure   Level  Hunger
a - Magic Dart            Conj           ###.         1%          1    None
b - Blink                 Tloc           N/A          2%          2    None
c - Call Imp              Summ           ###.....     3%          2    None


Dungeon Overview and Level Annotations

Branches:
Dungeon (3/15)

Altars:


Message History

* * * LOW HITPOINT WARNING * * *
You feel sick.
Mmm...
Mushroom.
You see here a scorpion corpse.
You butcher the scorpion corpse.
You see here a poisonous chunk of flesh.
Eat which item? (? for menu, Esc to quit)
Okay, then.
f - a poisonous chunk of flesh Eat which item? (? for menu, Esc to quit)
It contains deadly poison!
There is a lethal amount of poison in your body!
There is a lethal amount of poison in your body!
* * * LOW HITPOINT WARNING * * *
You feel sick.
* * * LOW HITPOINT WARNING * * *
You feel sick.
* * * LOW HITPOINT WARNING * * *
You feel sick.
You die...

#.#.##....####.#######...# ##
#.#.##....# #.# #....####
#.#.##....# #.# #........
#.#.##....# #.# #....####
#.#.####### #.######....# #
#####.#.# ########'#.........####
......#.###.................>...#
####.....##.................###.#
...'.....##.....@...#####+#.###+#
####.....##.........#****.#....,,
#.....##.............*,......,
#.....##..........##.###..(.,,
#.....##†.........##.#.....,,,
#.....##...........#......####
#.....#*..........#**#........
#.....#**######+#.#######.####
####### *,*.............


There were no monsters in sight!

Vanquished Creatures
  The ghost of squibie the Ducker, an average DgWn (D:3)
  A scorpion (D:3)
  An orc wizard (D:3)
  3 adders
  A gnoll (D:1)
  A worm (D:2)
  2 giant geckos
  An ooze (D:2)
  3 orcs (D:3)
  7 bats
  6 goblins
  8 hobgoblins
  2 quokkas (D:2)
  A ball python (D:3)
  4 giant cockroaches
  A giant newt (D:3)
  11 kobolds
  3 rats
57 creatures vanquished.

Notes
Turn   | Place    | Note
--------------------------------------------------------------
     0 | D:1      | squibie, the Deep Elf Wizard, began the quest for the Orb.
     0 | D:1      | Reached XP level 1. HP: 10/10 MP: 6/6
   153 | D:1      | Reached XP level 2. HP: 15/15 MP: 3/9
   653 | D:1      | Learned a level 2 spell: Blink
   656 | D:1      | Learned a level 2 spell: Call Imp
   996 | D:1      | Reached XP level 3. HP: 19/19 MP: 9/12
  1300 | D:2      | Reached skill level 5 in Spellcasting
  1967 | D:3      | Reached XP level 4. HP: 24/24 MP: 14/17
  2096 | D:3      | Noticed squibie's ghost (average DgWn)
  2106 | D:3      | Killed squibie's ghost
  2106 | D:3      | Reached XP level 5. HP: 18/28 MP: 6/19
  2634 | D:3      | Noticed a scorpion
  2645 | D:3      | Killed a scorpion
  2650 | D:3      | Identified a +0 rod of inaccuracy (11/11) (You found it on level 2 of the Dungeon)
  2667 | D:3      | HP: 1/28 [poisoned by a scorpion]
  2671 | D:3      | Succumbed to a scorpion's poison

Action                   |  1- 3 |  4- 6 || total
-------------------------+-------+-------++-------
Melee: Spear             |    79 |       ||    79
 Cast: Magic Dart        |   104 |    64 ||   168
       Call Imp          |     3 |       ||     3
  Use: Scroll            |       |     4 ||     4
       Potion            |       |     2 ||     2
 Stab: Sleeping          |     2 |       ||     2
  Eat: Chunk             |     3 |     2 ||     5
       Meat ration       |       |     1 ||     1
       Pizza             |       |     1 ||     1
